 Dungeon Crawl Stone Soup version 0.20-a0-555-gf6ae02d (webtiles) character file.

2439 Minion the Slinger (level 9, -1/62 HPs)
             Began as a Halfling Hunter on Feb 7, 2017.
             Killed from afar by an electric eel (8 damage)
             ... with a bolt of electricity
             ... on level 8 of the Dungeon.
             The game lasted 00:12:40 (5318 turns).

Minion the Slinger (Halfling Hunter)                Turns: 5318, Time: 00:12:41

Health: -1/62      AC:  8    Str: 13    XL:     9   Next: 78%
Magic:  9/9        EV: 19    Int:  9    God:
Gold:   330        SH:  0    Dex: 18    Spells: 8/8 levels left

rFire    . . .     SeeInvis .   a - +1 hunting sling
rCold    . . .     Gourm    .   c - +0 leather armour
rNeg     . . .     Faith    .   (shield restricted)
rPois    .         Spirit   .   (no helmet)
rElec    .         Reflect  .   q - +0 cloak
rCorr    .         Harm     +   z - +0 pair of gloves (curse)
MR       .....                  w - +1 pair of boots
Stlth    ++........             l - amulet of harm
Regen    0.2/turn               (no ring)
                                (no ring)

@: no status effects
A: mutation resistance 1
a: no special abilities


You were on level 8 of the Dungeon.
You were near starving.

You visited 1 branch of the dungeon, and saw 8 of its levels.

You collected 330 gold pieces.

Inventory:

Hand Weapons
 a - a +1 hunting sling (weapon)
 b - a +0 short sword
Missiles
 d - 46 sling bullets
 r - 40 stones (quivered)
Armour
 c - a +0 leather armour (worn)
 q - a +0 cloak (worn)
 w - a +1 pair of boots (worn)
 z - a cursed +0 pair of gloves (worn)
Jewellery
 l - an amulet of harm (around neck)
Wands
 x - a wand of lightning (8/15)
 E - a wand of confusion (32/48)
Scrolls
 g - 2 scrolls of blinking
 j - 3 scrolls of teleportation {unknown}
 u - a scroll of amnesia
 v - a scroll of enchant armour
 y - 2 scrolls of random uselessness {unknown}
 A - a scroll of magic mapping {unknown}
 B - 4 scrolls of remove curse
 D - a scroll of identify
Potions
 e - a potion of brilliance
 h - 2 potions of heal wounds
 i - 2 potions of lignification {unknown}
 k - 2 potions of agility
 m - a potion of ambrosia {unknown}
 n - a potion of cancellation
 p - 2 potions of berserk rage {unknown}
 s - 6 potions of curing
 C - a potion of magic {unknown}
 F - a potion of degeneration {unknown}
Comestibles
 f - 4 bread rations
 o - 12 royal jellies
 t - 4 meat rations


   Skills:
 + Level 5.7 Fighting
 + Level 11.5 Slings
 + Level 6.3 Armour
 + Level 6.7 Dodging
 - Level 1.1 Stealth


You had 8 spell levels left.
You didn't know any spells.

Dungeon Overview and Level Annotations

Branches:
Dungeon (9/15)             Temple (0/1) D:5
   Lair: D:8-11         Orc: D:9-12

Altars:
Cheibriados
Makhleb
Nemelex Xobeh
Sif Muna
Uskayaw


Innate Abilities, Weirdness & Mutations

You are small and have problems with some larger weapons.
You are somewhat resistant to further mutation.


Message History

The stone closely misses the electric eel.
You hear a splash.
The electric eel shoots out a bolt of lightning at you!
The bolt of electricity hits you!
* * * LOW HITPOINT WARNING * * *
Firing (i - inventory. (,) - cycle):
r - 42 stones (quivered)
Press: ? - help, Shift-Dir - straight line, f/p - electric eel
Aim: an electric eel (almost dead)
You shoot a stone.
The stone closely misses the electric eel.
You hear a splash.
Firing (i - inventory. (,) - cycle):
r - 41 stones (quivered)
Press: ? - help, Shift-Dir - straight line, f/p - electric eel
Aim: an electric eel (almost dead)
You shoot a stone.
The stone closely misses the electric eel.
You hear a splash.
The electric eel shoots out a bolt of lightning at you!
The bolt of electricity hits you!
You die...

#.# #.# #.# #.# #.#
#########.##########.
#.............(......
#....####.##....)≈≈.#
#.. #...@((....(≈.# #
#.#.##....;(..#
.......$.....≈..
###.#.##........#
...#.########### ###
#.# #.# #.


You could see an electric eel.

Vanquished Creatures
  A two-headed ogre (D:9)
  A troll (D:9)
  A wyvern (D:9)
  2 yaks (D:9)
  A sky beast (D:8)
  2 ogres (D:4)
  A phantom (D:9)
  A centaur (D:5)
  A howler monkey (D:5)
  3 hounds
  4 jellies
  5 orc priests
  2 orc wizards (D:5)
  4 worker ants
  A howler monkey zombie (D:9)
  A worker ant zombie (D:5)
  8 adders
  6 oozes
  An adder zombie (D:8)
  4 worms
  2 dart slugs
  6 leopard geckos
  12 orcs
  3 ball pythons
  A giant cockroach (D:2)
  7 goblins
  5 hobgoblins
  6 jackals
  5 bats
  A frilled lizard (D:1)
  6 kobolds
  A leopard gecko zombie (D:5)
  6 rats
111 creatures vanquished.

Vanquished Creatures (others)
  An adder skeleton (D:8)
1 creature vanquished.

Grand Total: 112 creatures vanquished

Notes
Turn   | Place    | Note
-------+----------+-------------------------------------------
     0 | D:1      | Minion the Halfling Hunter began the quest for the Orb.
     0 | D:1      | Reached XP level 1. HP: 14/14 MP: 1/1
    60 | D:1      | Reached skill level 6 in Slings
   112 | D:1      | Reached XP level 2. HP: 19/19 MP: 2/2
   473 | D:1      | Reached skill level 7 in Slings
   473 | D:1      | Reached XP level 3. HP: 24/24 MP: 3/3
   737 | D:2      | Reached XP level 4. HP: 29/29 MP: 4/4
   799 | D:2      | Found a hide-covered altar of Uskayaw.
   802 | D:2      | Found a deep blue altar of Sif Muna.
   805 | D:2      | Found a snail-covered altar of Cheibriados.
   971 | D:2      | Reached skill level 8 in Slings
  1497 | D:3      | Found a sparkling altar of Nemelex Xobeh.
  1498 | D:3      | Reached XP level 5. HP: 34/34 MP: 5/5
  1619 | D:3      | Reached skill level 1 in Armour
  1655 | D:3      | Found a burning altar of Makhleb.
  1972 | D:4      | Reached XP level 6. HP: 41/41 MP: 6/6
  2099 | D:4      | Noticed an ogre
  2113 | D:4      | Killed an ogre
  2193 | D:4      | Noticed an ogre
  2199 | D:4      | Killed an ogre
  2199 | D:4      | Reached skill level 9 in Slings
  2199 | D:4      | Reached XP level 7. HP: 46/46 MP: 7/7
  2726 | D:5      | Entered Level 5 of the Dungeon
  3108 | D:5      | Found a staircase to the Ecumenical Temple.
  3708 | D:5      | Reached XP level 8. HP: 54/54 MP: 8/8
  4117 | D:6      | You fall through a shaft for 3 floors!
  4123 | D:9      | Noticed a troll
  4147 | D:9      | Killed a troll
  4147 | D:9      | Reached skill level 10 in Slings
  4147 | D:9      | Reached skill level 5 in Dodging
  4316 | D:9      | Noticed a two-headed ogre
  4331 | D:9      | Killed a two-headed ogre
  4331 | D:9      | Reached skill level 5 in Fighting
  4331 | D:9      | Reached skill level 5 in Armour
  4331 | D:9      | Reached XP level 9. HP: 50/61 MP: 9/9
  4465 | D:9      | Reached skill level 11 in Slings
  5318 | D:8      | Killed from afar by an electric eel

Vault maps used:
D:1:      evilmike_arrival_crescent
D:2:      grunt_temple_overflow_diamond
D:3:      makhleb_blood_cavern_becter, nemelex_xobeh_ov_fountains_minmay
D:4:      grunt_ministairs_12
D:5:      minmay_temple_entry_from_below_a, first_bread
D:6:      marbit_many_paths
D:8:      okawaru_ov_weapons_minmay, xom_teletrap_fun, nrook_pool_corridor,
          hex_tiny
D:9:      minmay_goldmine, hangedman_little_slice_of_home

Skill      XL: |  1  2  3  4  5  6  7  8  9 |
---------------+----------------------------+-----
Slings         | 6 7 8 9 10 11 | 11.5
Fighting       | 2 3 5 |  5.7
Armour         | 2 3 5 6 |  6.3
Dodging        | 3 4 5 6 |  6.7
Stealth        | |  1.1

Action                   |  1- 3 |  4- 6 |  7- 9 || total
-------------------------+-------+-------+-------++-------
 Fire: Hunting sling     |    55 |   170 |   306 ||   531
  Use: Scroll            |     6 |     5 |       ||    11
  Eat: Chunk             |       |     4 |     7 ||    11
Armor: Leather armour    |     2 |    20 |    21 ||    43
Dodge: Dodged            |     4 |    38 |    86 ||   128
